 Dungeon Crawl Stone Soup version 0.16.1-16-gc44b35d (webtiles) character file.

210 Siriah the Grasshopper (level 5, 0/46 HPs)
             Began as a Naga Warper on Apr 17, 2015.
             Slain by an ogre
             ... wielding a +0 giant spiked club
              (24 damage)
             ... on level 4 of the Dungeon.
             The game lasted 00:16:08 (3673 turns).

Siriah the Grasshopper (Naga Warper)                Turns: 3673, Time: 00:16:08

Health: 0/46       AC:  4    Str: 13    XL:     5   Next: 87%
Magic:  1/9        EV: 10    Int: 14    God:
Gold:   114        SH:  0    Dex: 11    Spells: 3 memorised, 3 levels left

rFire  . . .     SeeInvis +     a - +0 spear
rCold  . . .     Clarity  .     b - +0 leather armour
rNeg   . . .     SustAb   .     (no shield)
rPois  +         Gourm    .     l - +0 helmet
rElec  .         Spirit   .     (no cloak)
rCorr  .         Warding  .     (no gloves)
rMut   .         Stasis   .     (no barding)
MR     .....                    (no amulet)
Stlth  ++........               o - +4 ring of slaying
                                j - ring of flight

@: very slightly contaminated, very slow, not resistant to hostile enchantments,
unstealthy
A: spit poison, see invisible, deformed body, poison resistance, slowness 2, AC
+1
a: Spit Poison, Evoke Flight


You were on level 4 of the Dungeon.
You were not hungry.

You visited 1 branch of the dungeon, and saw 4 of its levels.

You collected 114 gold pieces.

Inventory:

Hand weapons
 a - a +0 spear (weapon)
Missiles
 e - 3 tomahawks of dispersal (quivered)
Armour
 b - a +0 leather armour (worn)
 l - a +0 helmet (worn)
Jewellery
 j - a ring of flight (left hand)
 o - a +4 ring of slaying (right hand)
Scrolls
 d - 2 scrolls of blinking
 n - a scroll of identify
 p - a scroll of amnesia
Potions
 i - a potion of restore abilities {unknown}
 k - a potion of might {unknown}
 m - a potion of invisibility {unknown}
 q - a potion of curing {unknown}
 t - a potion of resistance {unknown}
Books
 c - a book of Spatial Translocations

   Spells                             Type                      Level
   a - Apportation                    Translocation                1
   b - Blink                          Translocation                2
   c - Shroud of Golubria             Charms/Translocation         2
   d - Portal Projectile              Translocation                3
   e - Teleport Other                 Translocation                3
   f - Passage of Golubria            Translocation                4
Comestibles
 f - 4 bread rations
 g - 5 meat rations
 h - a beef jerky
 s - a poisonous chunk of flesh


   Skills:
 + Level 2.6 Fighting
 + Level 2.8 Polearms
 + Level 0.8 Throwing
 - Level 2.0 Armour
 + Level 3.0 Dodging
 + Level 1.6 Stealth
 + Level 2.3 Spellcasting
 + Level 3.5 Translocations


You had 3 spell levels left.
You knew the following spells:

 Your Spells              Type           Power        Failure   Level  Hunger
a - Apportation           Tloc           ##........   10%         1    #......
b - Blink                 Tloc           N/A          12%         2    ###....
c - Shroud of Golubria    Chrm/Tloc      #.........   24%         2    ###....


Dungeon Overview and Level Annotations

Branches:
Dungeon (4/15)
 Temple: D:4-7

Altars:
Elyvilon
Nemelex Xobeh
Zin

Annotations:
D:4 Robin


Innate Abilities, Weirdness & Mutations

You cannot wear boots.
You can spit poison.
Your serpentine skin is tough (AC +1).
You have supernaturally acute eyesight.
Armour fits poorly on your strangely shaped body.
Your system is resistant to poisons.
You cover ground very slowly.


Message History

Aim: an ogre, wielding a giant spiked club (almost dead, poisoned)
You reach to attack!
You hit the ogre.
The ogre is almost dead.
You have got your breath back.
Casting: Blink
Confirm with . or Enter, or press ? or * to list all spells.
You blink.
The ogre looks more healthy.
Attack whom?
Press: ? - help, Dir - move target cursor, f/p - ogre
Aim: an ogre, wielding a giant spiked club (almost dead)
You reach to attack!
You barely miss the ogre.
The ogre is almost dead.
Casting: Blink
Confirm with . or Enter, or press ? or * to list all spells.
You miscast Blink.
You are very lightly contaminated with residual magic.
You spin around.
The ogre misses you.
The ogre hits you with a giant spiked club!!
Ouch! That really hurt!
You die...

#######........#
#..............#
#.............##
#............##
#...$....##..## #.
##............###...
#...................
#...................
###...O@...............
####...................... .#
##............##..รท........
...#...........#####......#...
.!............## #......#
........$.....## #...(..#
###........### #......#
#.......## #.....## #.......#
#......#


You could see an ogre.

Vanquished Creatures
  Ijyb (D:3)
  7 adders
  A giant mite (D:3)
  4 worms
  2 oozes (D:2)
  3 orcs (D:3)
  7 giant cockroaches
  15 goblins
  11 hobgoblins
  11 jackals
  7 kobolds
  A ball python (D:1)
  14 bats
  6 giant geckos
  4 giant newts
  2 quokkas (D:2)
  7 rats
103 creatures vanquished.

Vanquished Creatures (others)
  A goblin (D:4)
1 creature vanquished.

Grand Total: 104 creatures vanquished

Notes
Turn   | Place    | Note
--------------------------------------------------------------
     0 | D:1      | Siriah, the Naga Warper, began the quest for the Orb.
     0 | D:1      | Reached XP level 1. HP: 19/19 MP: 3/3
   190 | D:1      | Reached XP level 2. HP: 8/26 MP: 4/4
   207 | D:1      | Learned a level 2 spell: Shroud of Golubria
   210 | D:1      | Learned a level 2 spell: Blink
   526 | D:1      | Reached skill level 1 in Armour
   701 | D:1      | Reached XP level 3. HP: 9/32 MP: 6/6
  1228 | D:2      | Found a white marble altar of Elyvilon.
  1786 | D:2      | Reached XP level 4. HP: 30/39 MP: 7/7
  2448 | D:3      | Reached skill level 1 in Stealth
  2471 | D:3      | Reached XP level 5. HP: 24/46 MP: 9/9
  2761 | D:3      | Found a glowing silver altar of Zin.
  2875 | D:3      | Noticed Ijyb
  2900 | D:3      | Killed Ijyb
  3361 | D:4      | Noticed Robin
  3642 | D:4      | Noticed an ogre
  3650 | D:4      | Found a sparkling altar of Nemelex Xobeh.
  3673 | D:4      | Slain by an ogre

Action                   |  1- 3 |  4- 6 || total
-------------------------+-------+-------++-------
Melee: Spear             |   181 |   192 ||   373
Throw: Tomahawk          |     2 |       ||     2
 Cast: Blink             |     3 |     9 ||    12
       Shroud of Golubri |     1 |     1 ||     2
 Abil: Spit Poison       |    22 |    26 ||    48
  Use: Scroll            |     4 |     2 ||     6
 Stab: Sleeping          |       |     1 ||     1
  Eat: Chunk             |     4 |     9 ||    13
